 Dungeon Crawl Stone Soup version 0.23.1 (webtiles) character file.

Game seed: 0

131252 Chiseanne the Spry (level 16, -12/88 HPs)
             Began as a Spriggan Chaos Knight on Mar 16, 2019.
             Was a Plaything of Xom.
             Killed from afar by a deep elf mage (20 damage)
             ... with a bolt of lightning
             ... on level 1 of the Elven Halls on Mar 19, 2019.
             The game lasted 02:09:32 (29887 turns).

Chiseanne the Spry (Spriggan Chaos Knight)         Turns: 29887, Time: 02:09:33

Health: -12/88     AC: 25    Str: 19    XL:     16   Next: 54%
Magic:  0/35       EV: 16    Int: 18    God:    Xom [...*..]
Gold:   46         SH: 11    Dex: 16    Spells: 26/44 levels left

rFire    + + .     SeeInvis +   a - +7 dagger (elec)
rCold    + + .     Gourm    .   Q - +0 buckler {AC+3}
rNeg     . . .     Faith    .   r - +1 gold dragon scales
rPois    +         Spirit   +   P - +2 hat
rElec    .         Reflect  +   C - scarf {Spirit}
rCorr    .         Harm     .   (gloves unavailable)
MR       +++..     Clarity  +   (boots unavailable)
Stlth    ..........             b - +5 amulet of reflection
HPRegen  0.24/turn              G - +4 ring of protection
MPRegen  0.24/turn              x - ring of protection from cold

@: mighty, lightly drained, very quick
A: very small, unfitting armour, talons 1, molten scales 2, yellow scales 1, see
invisible, blink, clarity, clever 1, deformed body, fire resistance 1,
herbivore, speed 3, magic resistance 1, poison resistance, slow metabolism 2,
strong 1, wild magic 1
a: Blink, Renounce Religion


You were on level 1 of the Elven Halls.
You worshipped Xom.
You were a favourite toy of Xom.
You were not hungry.

You visited 4 branches of the dungeon, and saw 24 of its levels.
You also visited: Wizlab.

You collected 2366 gold pieces.
You spent 2320 gold pieces at shops.

Inventory:

Hand Weapons
 a - a +7 dagger of electrocution (weapon)
 h - the +6 falchion "Vodeq" {pain, Fragile rElec rF+ rC+}
   (You bought it in a shop on level 4 of the Dungeon)

   In the hands of one skilled in necromantic magic, it inflicts extra damage on
   living creatures.
   It protects you from fire.
   It protects you from cold.
   It insulates you from electricity.
   It will be destroyed if unequipped.
 q - the +7 shortbow of Untruth {flame, rC- Int+4}
   (You bought it in a shop on level 11 of the Dungeon)

   It causes projectiles fired from it to burn those they strike, causing extra
   injury to most foes and up to half again as much damage against particularly
   susceptible opponents.
   It affects your intelligence (+4).
   It makes you vulnerable to cold.
 s - the +11 quarterstaff "Spiderbane" {speed, *Corrode rPois Str+4 Int+3}
   (You found it on level 3 of the Lair of Beasts)

   Attacks with this weapon are significantly faster.
   It affects your strength (+4).
   It affects your intelligence (+3).
   It protects you from poison.
   It may corrode you when you take damage.
 w - a +0 blowgun
Missiles
 j - 318 bolts
 l - 774 arrows
 D - 66 sling bullets
 J - 112 poisoned needles
 L - 3 poisoned tomahawks (quivered)
Armour
 r - +1 gold dragon scales (worn)
 t - a +1 troll leather armour
 C - a scarf of spirit shield (worn)
 P - a +2 hat (worn)
 Q - a +0 buckler of protection (worn)
 T - a scarf of repulsion
Jewellery
 b - a +5 amulet of reflection (around neck)
 i - an uncursed ring of wizardry
 k - an uncursed ring of resist corrosion
 x - a ring of protection from cold (right hand)
 G - a +4 ring of protection (left hand)
 R - an uncursed ring of protection from fire
 W - an uncursed amulet of regeneration {god gift}
Wands
 m - a wand of paralysis (7)
 H - a wand of digging (5)
 K - a wand of polymorph (24)
 O - a wand of iceblast (7)
 Z - a wand of flame (2)
Scrolls
 e - 2 scrolls of immolation
 p - 6 scrolls of amnesia
 v - 10 scrolls of teleportation
 A - 9 scrolls of identify
 B - 2 scrolls of magic mapping
 N - 10 scrolls of remove curse
 S - 5 scrolls of fog
 Y - 3 scrolls of fear
Potions
 d - 3 potions of magic
 f - 6 potions of brilliance
 g - a potion of berserk rage
 n - 2 potions of flight
 o - 2 potions of mutation
 y - 5 potions of heal wounds
 z - 3 potions of haste
 F - 2 potions of might {god gift}
 I - 2 potions of invisibility
 U - 2 potions of ambrosia
 V - 15 potions of curing
Miscellaneous
 M - a lamp of fire (inert) {god gift}
Comestibles
 c - 35 rations


   Skills:
 - Level 12.2(12.0) Fighting
 - Level 7.5(9.8) Short Blades
 - Level 7.9(8.6) Long Blades
 * Level 9.0(8.9) Armour
 - Level 18.9(18.7) Dodging
 - Level 10.6(10.5) Stealth
 * Level 3.1(3.0) Shields
 - Level 14.5(14.3) Spellcasting
 - Level 9.4(9.2) Hexes


You had 26 spell levels left.
You knew the following spells:

 Your Spells              Type           Power        Failure   Level  Hunger
a - Shroud of Golubria    Chrm/Tloc      ###.......   100%        2    None
b - Regeneration          Chrm/Necr      ###.......   100%        3    None
c - Song of Slaying       Chrm           ###.....     100%        2    None
d - Cause Fear            Hex            ######....   95%         4    None
e - Tukima's Dance        Hex            ######..     65%         3    None
f - Apportation           Tloc           ###...       100%        1    None
g - Dazzling Spray        Conj/Hex       #####.       99%         3    None

Your spell library contained the following spells:

 Spells                   Type           Power        Failure   Level  Hunger
 Corona                   Hex            ######.      30%         1    None
 Slow                     Hex            ######..     43%         2    None
 Inner Flame              Hex/Fire       #####...     99%         3    None
 Portal Projectile        Hex/Tloc       #####.       99%         3    None
 Spectral Weapon          Hex/Chrm       #####...     99%         3    None
 Flame Tongue             Conj/Fire      ###..        100%        1    None
 Infusion                 Chrm           ###.         100%        1    None
 Magic Dart               Conj           ###.         100%        1    None
 Shock                    Conj/Air       ###.         100%        1    None
 Summon Butterflies       Summ           ###.....     100%        1    None
 Searing Ray              Conj           ###...       100%        2    None
 Swiftness                Chrm/Air       ###.....     100%        2    None
 Throw Flame              Conj/Fire      ###...       100%        2    None
 Conjure Flame            Conj/Fire      ###.....     100%        3    None
 Lesser Beckoning         Tloc           ###.......   100%        3    None
 Static Discharge         Conj/Air       ###.....     100%        3    None
 Airstrike                Air            ###.......   100%        4    None
 Force Lance              Conj/Tloc      ###.....     100%        4    None
 Fulminant Prism          Conj/Hex       #####.....   100%        4    None
 Iskenderun's Mystic Bla  Conj           ###.....     100%        4    None
 Leda's Liquefaction      Hex/Erth       #####.....   100%        4    None
 Sticky Flame             Conj/Fire      ###.....     100%        4    None
 Alistair's Intoxication  Tmut/Pois      ###.....     100%        5    ####...
 Fireball                 Conj/Fire      ###.......   100%        5    ####...
 Lightning Bolt           Conj/Air       ###.......   100%        5    ####...
 Invisibility             Hex            ######..     100%        6    #####..


Dungeon Overview and Level Annotations

Branches:
Dungeon (15/15)            Temple (0/1) D:6            Lair (6/6) D:11
 Shoals (0/4) Lair:2       Spider (0/4) Lair:4        Slime (0/5) Lair:6
    Orc (2/2) D:11            Elf (1/3) Orc:2        Vaults (0/5) D:13
 Depths (0/5) D:15

Altars:
Ashenzari
Elyvilon
Fedhas
Gozag
Hepliaklqana
Kikubaaqudgha
Makhleb
Nemelex Xobeh
Okawaru
Qazlal
Trog
Xom
Zin
The Shining One
Beogh
Jiyva

Shops:
D:4 [[[(*   D:11 *   Orc:2 !(!%   Elf:1 *!%[

Annotations:
Lair:1 3 runed translucent doors, CrazyMind's ghost, journeyman TrBe
Lair:5 exclusions: downstairs and oklob plant
Orc:2 exclusion: upstairs


Innate Abilities, Weirdness & Mutations

You are very small and have problems with some larger weapons.
You are too small for most types of armour.
You have supernaturally acute eyesight. (SInv)
You are a herbivore.
You cover ground extremely quickly.
You need to consume almost no food.
You have sharp toenails.
You are mostly covered in molten scales. (AC +3)
You are partially covered in yellow scales. (AC +2)
You can translocate small distances at will.
You possess an exceptional clarity of mind.
Your mind is acute. (Int +2)
Armour fits poorly on your strangely shaped body.
Your flesh is heat resistant. (rF+)
You are resistant to hostile enchantments. (MR+)
Your system is resistant to poisons. (rPois)
Your muscles are strong. (Str +2)
Your spells are a little harder to cast, but a little more powerful.


Message History

You puncture the deep elf archer!
Lightning courses through the deep elf archer!
The deep elf archer is almost dead.
You miss the deep elf archer. Your kick misses the deep elf archer.
The deep elf archer is almost dead.
The deep elf mage mumbles some strange words.
The deep elf mage blinks!
The deep elf archer blinks!
Xom opens a gate.
Which direction?
You close the door.
A deep elf archer opens the door.
It is wielding a +0 dagger.
There is an open door here.
You puncture the deep elf archer!
You kill the deep elf archer!
The deep elf mage gestures at you while chanting.
The bolt of lightning hits you!!
* * * LOW HITPOINT WARNING * * *
The bolt of lightning hits you!!
You die...
Xom titters!

*** ##.....## ***,,,***** *,**
##....∩..## *,,,,,,,,,** ,,,**
#.........# ***,,,,,,,*,,*
,,,,***#.........# *,,,,,,,,,,,,*
,,,,+,,'.........# *,####.####,,*
+,*****#.......(.###.#.....°.#,#*
*** #.......e.##..#.......#.# *
*#......)###..#.......#.##
******#'....>#@##......8.....'#
**,,,..'####.###5...#...e°..#.#.
*,,,,,,,* ##'####'..#...°...#...
**,,,,,,,**#(..###...#...)...#...
,***,,,,,+*#e)(('....####)####...
,,,**,,,,*#...##..(.....[...e....
,...#######...###..(....#####...#
*............## ##....)'## #####
**#....⌠....##**#'#...##.##


You could see a deep elf mage and a friendly iron imp.

Vanquished Creatures
  Rupert (D:14)
  Jorgrun (Orc:1)
  A deep elf master archer (Elf:1)
  Gastronok (Lair:3)
  Kirke (D:13)
  Agnes (D:14)
  Nessos (D:13)
  A deep elf demonologist (Elf:1)
  Josephine (Orc:1)
  Erolcha (D:9)
  A mummy priest (WizLab)
  A yaktaur captain (D:15)
  A fire dragon (Lair:6)
  A vault guard (D:13)
  7 hydras
  3 tengu warriors
  13 two-headed ogres
  5 ogre magi
  3 dancing weapons (Elf:1)
  9 centaur warriors
  A queen ant (Lair:3)
  13 death yaks
  A deep elf knight (Elf:1)
  A shock serpent (D:15)
  A hell knight (D:15)
  A spark wasp zombie (WizLab)
  2 wizards
  3 deep elf archers
  5 skeletal warriors (D:15)
  Pikel (D:7)
  6 orc knights
  A lindwurm (Lair:6)
  6 ugly things
  2 necromancers (D:13)
  An orc sorcerer (Orc:1)
  11 deep elf magi
  An orb spider (shapeshifter) (D:2)
  A faun (D:14)
  A cyclops (D:15)
  2 manticores
  10 elephants
  8 black mambas
  A water nymph (Orc:2)
  A merfolk siren (Lair:2)
  3 molten gargoyles (Lair:6)
  Psyche (D:8)
  A torpor snail (Lair:2)
  A gargoyle (D:13)
  10 spiny frogs
  10 komodo dragons
  2 rime drakes
  2 yaktaurs
  2 guardian mummies (WizLab)
  A tengu conjurer (D:15)
  4 meliai
  7 trolls
  2 hornets
  A queen bee (Lair:2)
  3 tyrant leeches (Lair:2)
  Prince Ribbit (D:8)
  14 slime creatures
  10 hippogriffs
  17 blink frogs
  A dream sheep (shapeshifter) (D:14)
  A deep troll zombie (WizLab)
  2 centaur simulacra
  2 spriggans
  3 air elementals (Elf:1)
  3 fire elementals (Elf:1)
  A shadow (D:12)
  2 hogs (D:13)
  8 wyverns
  A fire bat (D:10)
  19 humans (D:13)
  Eustachio (D:5)
  A water elemental (Elf:1)
  2 vampires
  3 basilisks
  28 yaks
  7 wraiths
  A vampire mosquito (D:15)
  3 steam dragons
  3 hungry ghosts
  7 swamp worms (Lair:2)
  4 soldier ants
  A soldier ant (shapeshifter) (D:11)
  2 acid dragons
  3 hell hounds (Lair:6)
  10 porcupines
  7 water moccasins
  8 ice beasts
  A slave (D:7)
  3 eyes of draining
  20 orc warriors
  A sky beast (D:7)
  8 black bears
  25 ogres
  5 boggarts (D:15)
  2 hornet zombies
  12 centaurs
  13 wolves
  11 crocodiles
  2 big kobolds
  23 bullfrogs
  A gnoll sergeant (Orc:2)
  A water moccasin zombie (D:8)
  A wyvern skeleton (D:11)
  6 scorpions
  17 killer bees
  7 wights
  4 centaur zombies
  11 crimson imps
  5 lava snakes (Lair:6)
  5 orc priests
  13 jellies
  A wyvern simulacrum (D:13)
  Crazy Yiuf (D:2)
  3 bullfrog skeletons
  5 hounds
  6 centaur skeletons
  5 iguanas
  14 orc wizards
  22 worker ants
  6 hell rats (Lair:6)
  Terence (D:2)
  A hound skeleton (D:4)
  2 gnolls (D:8)
  A worker ant zombie (D:9)
  9 adders
  3 shadow imps
  6 oozes
  4 worms
  A dart slug (D:1)
  5 leopard geckos
  61 orcs
  7 giant cockroaches
  10 goblins
  3 hobgoblins (D:3)
  6 jackals
  2 quokkas
  A ball python (D:3)
  11 bats
  5 frilled lizards
  A jackal skeleton (D:4)
  11 kobolds
  5 quokka skeletons
  6 rats
  2 rat zombies (D:6)
  2 fungi
  A plant (Lair:2)
788 creatures vanquished.

Vanquished Creatures (collateral kills)
  A great orb of eyes (D:15)
  A two-headed ogre (D:12)
  A centaur zombie (D:11)
  An elephant (Lair:4)
  2 slime creatures (D:12)
  A hippogriff (D:11)
  A yak (D:12)
  Duvessa (D:5)
  2 killer bees
  3 ogres
  Dowan (D:5)
  A crimson imp (D:8)
  2 gnolls (D:8)
  2 adders
  2 jackals (D:8)
22 creatures vanquished.

Vanquished Creatures (others)
  A dancing weapon (Elf:1)
  A two-headed ogre (Orc:2)
  A deep elf mage (Elf:1)
  A wyvern (Lair:6)
  A yak (D:11)
  A water moccasin (D:5)
  4 ogres (Orc:2)
  A centaur (D:14)
  A scorpion (D:11)
  4 killer bees
  An adder (D:12)
  A leopard gecko (D:5)
  2 orcs
  16 fungi
  10 plants
46 creatures vanquished.

Grand Total: 856 creatures vanquished

Notes
Turn   | Place    | Note
-------+----------+-------------------------------------------
     0 | D:1      | Chiseanne the Spriggan Chaos Knight began the quest for the
                  | Orb.
     0 | D:1      | Reached XP level 1. HP: 11/11 MP: 2/2
   162 | D:1      | XOM: silly message
   176 | D:1      | XOM: silly message
   183 | D:1      | XOM: scenery: create altars
   207 | D:1      | XOM: fog
   216 | D:1      | Reached XP level 2. HP: 16/16 MP: 3/3
   269 | D:1      | XOM: cloud trail
   334 | D:1      | Reached skill level 4 in Dodging
   344 | D:1      | XOM: mild Tloc miscast
   344 | D:1      | XOM: smoke on damage
   593 | D:1      | XOM: noise
   709 | D:1      | XOM: torment (9/16 hp)
   727 | D:1      | XOM: torment (6/16 hp)
   886 | D:1      | XOM: mild Erth miscast
  1003 | D:1      | XOM: harmless Air miscast
  1030 | D:2      | Reached XP level 3. HP: 13/19 MP: 4/4
  1054 | D:2      | XOM: divination: detect items
  1236 | D:2      | XOM: blink monster(s)
  1310 | D:2      | XOM: noise
  1369 | D:2      | Found a stormy altar of Qazlal.
  1449 | D:2      | Found a runed translucent door.
  1450 | D:2      | Noticed Crazy Yiuf
  1672 | D:2      | Noticed Terence
  1672 | D:2      | Noticed Sigmund
  1672 | D:2      | XOM: chaos upgrade
  1672 | D:2      | XOM: butterfly on damage
  1945 | D:2      | XOM: summons 1 hostile demon
  1946 | D:2      | Noticed a ynoxinul
  1948 | D:2      | XOM: butterfly on damage
  1948 | D:2      | XOM: smoke on damage
  2016 | D:2      | Noticed Sigmund
  2016 | D:2      | Sigmund changed into Sigmund the shapeshifter
  2016 | D:2      | Noticed Sigmund
  2016 | D:2      | Sigmund the shapeshifter changed into Sigmund the orb
                  | spider
  2017 | D:2      | XOM: confuse monster(s)
  2131 | D:2      | XOM: divination: detect items
  2134 | D:2      | Xom revived you
  2135 | D:2      | XOM: potion effect (invisibility)
  2143 | D:2      | Killed Sigmund the orb spider
  2143 | D:2      | Reached skill level 6 in Dodging
  2143 | D:2      | Reached XP level 4. HP: 6/25 MP: 5/5
  2143 | D:2      | Reached XP level 5. HP: 7/29 MP: 6/6
  2143 | D:2      | Reached XP level 6. HP: 8/33 MP: 7/7
  2421 | D:2      | Killed Crazy Yiuf
  2623 | D:2      | XOM: butterfly on damage
  2628 | D:2      | Killed Terence
  2628 | D:2      | Reached skill level 7 in Dodging
  2709 | D:2      | XOM: medium Fire miscast
  3458 | D:3      | XOM: harmless Tloc miscast
  3506 | D:3      | XOM: silly message
  3577 | D:3      | Reached XP level 7. HP: 34/37 MP: 8/8
  3617 | D:3      | XOM: harmless Conj miscast
  3768 | D:3      | XOM: mild Pois miscast
  3925 | D:4      | Found Isuwnuos's Armour Shop.
  3962 | D:4      | XOM: mild Pois miscast
  3972 | D:4      | XOM: enchant monster (good)
  4187 | D:4      | Found a shattered altar of Ashenzari.
  4213 | D:4      | XOM: polymorph quokka -> frilled lizard
  4316 | D:4      | XOM: mild Air miscast
  4360 | D:4      | Found Uvves's Antique Armour Boutique.
  4437 | D:4      | Found Nucyok's General Store.
  4532 | D:4      | XOM: harmless Fire miscast
  4624 | D:4      | XOM: harmless Necr miscast
  4722 | D:4      | XOM: scenery: create altars
  4806 | D:4      | XOM: scenery: create altars
  5009 | D:4      | Found Xayxux's Armour Boutique.
  5120 | D:4      | Found Yjus's Antique Weapon Boutique.
  5266 | D:5      | Entered Level 5 of the Dungeon
  5279 | D:5      | XOM: enchant monster (good)
  5283 | D:5      | Reached skill level 8 in Dodging
  5309 | D:5      | Noticed Dowan
  5319 | D:5      | Reached skill level 5 in Fighting
  5319 | D:5      | XOM: divine lightning
  5560 | D:5      | Noticed Duvessa
  5567 | D:5      | XOM: destruction
  5574 | D:5      | XOM: butterfly on damage
  5588 | D:5      | Noticed Eustachio
  5589 | D:5      | XOM: fake destruction
  5591 | D:5      | XOM: butterfly on damage
  5823 | D:4      | XOM: noise
  5998 | D:4      | XOM: give mutation
  5998 | D:4      | Gained mutation: You are somewhat resistant to further
                  | mutation. [Xom's grace]
  6008 | D:4      | Reached skill level 5 in Long Blades
  6026 | D:4      | Reached XP level 8. HP: 19/43 MP: 9/9
  6198 | D:5      | XOM: summons 8 friendly demons
  6200 | D:5      | Killed Duvessa
  6215 | D:5      | Killed Dowan
  6258 | D:5      | Killed Eustachio
  6258 | D:5      | Reached skill level 9 in Dodging
  6304 | D:5      | Found a sparkling altar of Nemelex Xobeh.
  6361 | D:5      | XOM: summons friendly crimson imp
  6427 | D:5      | Reached skill level 10 in Dodging
  6676 | D:5      | Found a burning altar of Makhleb.
  6857 | D:5      | Found an opulent altar of Gozag.
  6857 | D:5      | Found a glowing silver altar of Zin.
  7091 | D:6      | Found an iron altar of Okawaru.
  7222 | D:6      | Found a staircase to the Ecumenical Temple.
  7222 | D:6      | XOM: 8-stop teleportation journey
  7267 | D:6      | XOM: fog
  7282 | D:6      | Reached skill level 1 in Stealth
  7318 | D:6      | XOM: god gift: potion of might {god gift}
  7612 | D:6      | Found an ancient bone altar of Kikubaaqudgha.
  7629 | D:6      | XOM: scenery: create altars
  7633 | D:6      | Learned a level 2 spell: Shroud of Golubria
  7812 | D:7      | Reached skill level 1 in Short Blades
  7812 | D:7      | Reached skill level 1 in Spellcasting
  7812 | D:7      | Reached XP level 9. HP: 45/49 MP: 8/11
  7898 | D:7      | XOM: divination: magic mapping
  8091 | D:7      | Found a hazy altar of Hepliaklqana.
  8245 | D:7      | XOM: 1-stop teleportation journey
  8383 | D:7      | XOM: 1-stop teleportation journey
  8417 | D:7      | Noticed Pikel
  8427 | D:7      | P0WERM0DE: ♥
  8441 | D:7      | Killed Pikel
  8441 | D:7      | Reached skill level 11 in Dodging
  8791 | D:8      | XOM: harmless Ice miscast
  8970 | D:8      | Noticed Psyche
  8989 | D:8      | Killed Psyche
  8989 | D:8      | Reached skill level 5 in Stealth
  8998 | D:8      | Found a bloodstained altar of Trog.
  9058 | D:8      | Noticed Prince Ribbit
  9068 | D:8      | Killed Prince Ribbit
  9079 | D:8      | Noticed Joseph
  9081 | D:8      | Found a glowing golden altar of the Shining One.
  9083 | D:8      | Noticed Joseph
  9083 | D:8      | Joseph changed into Joseph the hornet
  9083 | D:8      | XOM: polymorph Joseph -> Joseph the hornet
  9088 | D:8      | Killed Joseph the hornet
  9088 | D:8      | Reached XP level 10. HP: 46/55 MP: 14/17
  9152 | D:8      | XOM: blink monster(s)
  9156 | D:8      | XOM: harmless Conj miscast
  9203 | D:8      | XOM: divination: detect items
  9344 | D:7      | XOM: cloud trail
  9861 | D:9      | Noticed Erolcha
  9862 | D:9      | Found a white marble altar of Elyvilon.
  9873 | D:9      | XOM: potion effect (brilliance)
  9878 | D:9      | XOM: enchant monster (good)
  9879 | D:9      | Killed Erolcha
  9975 | D:9      | XOM: potion effect (might)
  9985 | D:9      | Reached skill level 5 in Spellcasting
  9987 | D:9      | XOM: harmless Hex miscast
 10000 | D:9      | Found a burning altar of Makhleb.
 10042 | D:9      | Reached skill level 12 in Dodging
 10155 | D:9      | XOM: harmless Tmut miscast
 10484 | D:10     | XOM: noise
 10484 | D:10     | Entered Level 10 of the Dungeon
 10507 | D:10     | XOM: divine lightning
 10513 | D:10     | XOM: god gift: 65 gold pieces {god gift}
 10588 | D:10     | XOM: harmless Chrm miscast
 10593 | D:10     | Reached skill level 5 in Short Blades
 10618 | D:10     | XOM: 3-stop teleportation journey
 10784 | D:10     | Identified a scroll of acquirement
 10820 | D:10     | XOM: 1-stop teleportation journey
 10829 | D:10     | XOM: harmless Necr miscast
 10968 | D:10     | XOM: polymorph killer bee -> fire bat
 11105 | D:10     | XOM is BORED!
 11240 | D:10     | XOM: torment (34/56 hp)
 11491 | D:11     | Found Pihank's Assorted Antiques.
 11522 | D:11     | Found a staircase to the Lair.
 11535 | D:11     | Reached XP level 11. HP: 47/59 MP: 16/21
 11538 | D:11     | XOM: destruction
 11572 | D:11     | XOM: scenery: create altars
 11590 | D:11     | XOM: fog
 11599 | D:11     | XOM: cleaving
 11601 | D:11     | XOM: enchant monster (bad)
 11842 | D:11     | XOM: noise
 11867 | D:11     | XOM: noise
 11909 | D:11     | Bought a jewelled shortbow for 240 gold pieces
 11909 | D:11     | Bought an emerald ring for 150 gold pieces
 11910 | D:11     | Identified the +7 shortbow of Untruth {flame, rC- Int+4}
                  | (You bought it in a shop on level 11 of the Dungeon)
 11940 | D:11     | Found a staircase to the Orcish Mines.
 11951 | D:11     | Found a roughly hewn altar of Beogh.
 12114 | D:11     | XOM: summons 2 friendly demons
 12151 | D:11     | XOM: give mutation
 12151 | D:11     | Gained mutation: Your body sometimes deteriorates upon
                  | taking damage. [Xom's mischief]
 12167 | D:11     | XOM: chaos cloud
 12170 | D:11     | Paralysed by you for 3 turns
 12184 | D:11     | XOM: 2-stop teleportation journey
 12356 | D:11     | Noticed a white ugly thing
 12376 | D:11     | XOM: enchant monster (bad)
 12396 | D:11     | XOM: confusion
 12402 | D:11     | Killed a white ugly thing
 12408 | D:11     | XOM: destruction
 12532 | D:11     | XOM: give mutations
 12532 | D:11     | Gained mutation: You occasionally shout uncontrollably at
                  | your foes. [Xom's mischief]
 12532 | D:11     | Lost mutation: Your body sometimes deteriorates upon taking
                  | damage. [Xom's mischief]
 12532 | D:11     | Gained mutation: You expend magic power (3 MP) to
                  | strengthen your wands. [Xom's mischief]
 12547 | D:11     | XOM: give mutations
 12547 | D:11     | Gained mutation: You are partially covered in rugged brown
                  | scales. (AC +1, +3% HP) [Xom's mischief]
 12547 | D:11     | Gained mutation: You have very sharp teeth. [Xom's
                  | mischief]
 12743 | D:11     | XOM: mild Hex miscast
 12780 | D:12     | XOM: 1-stop teleportation journey
 12781 | D:12     | Reached skill level 13 in Dodging
 12783 | D:12     | Noticed a centaur warrior
 12799 | D:12     | XOM: summons 5 hostile demons
 12806 | D:12     | Noticed a two-headed ogre
 12812 | D:12     | XOM: 6-stop teleportation journey
 12837 | D:12     | XOM: swap monsters
 12917 | D:12     | XOM: 2-stop teleportation journey
 12922 | D:12     | XOM: harmless Hex miscast
 12932 | D:12     | XOM: confusion
 13034 | D:12     | XOM: summons 3 hostile shadow creatures
 13035 | D:12     | Killed a centaur warrior
 13041 | D:12     | XOM: harmless Erth miscast
 13050 | D:12     | XOM: destruction
 13153 | D:12     | XOM: 1-stop teleportation journey
 13440 | D:12     | XOM: butterfly on damage
 13447 | D:12     | XOM: summons 1 friendly demon
 13449 | D:12     | Reached skill level 10 in Stealth
 13618 | D:12     | XOM: chaos upgrade
 13622 | D:12     | XOM: noise
 13629 | D:12     | XOM: cleaving
 13764 | D:12     | XOM: stat loss: -1 Int (13/14)
 13846 | D:12     | XOM: noise
 13849 | D:12     | XOM: enchant monster (bad)
 13867 | D:12     | Killed a two-headed ogre
 14038 | D:13     | Noticed Nessos
 14050 | D:13     | Killed Nessos
 14050 | D:13     | Reached XP level 12. HP: 41/66 MP: 15/25
 14251 | D:13     | XOM: potion effect (brilliance)
 14319 | D:13     | Noticed a six-headed hydra
 14329 | D:13     | XOM: potion effect (curing)
 14333 | D:13     | Killed a six-headed hydra
 14435 | D:13     | XOM: potion effect (heal wounds)
 14535 | D:13     | XOM: harmless Pois miscast
 14645 | D:12     | XOM: confusion (+ monsters)
 14649 | D:12     | XOM: summons 7 friendly demons
 14693 | D:12     | XOM: divination: detect items
 14715 | D:13     | XOM: silly message
 14742 | D:13     | XOM: silly message
 14829 | D:13     | XOM: give mutations
 14829 | D:13     | Lost mutation: You are somewhat resistant to further
                  | mutation. [Xom's mischief]
 14829 | D:13     | Gained mutation: Your body sometimes deteriorates upon
                  | taking damage. [Xom's mischief]
 14829 | D:13     | Lost mutation: You occasionally shout uncontrollably at
                  | your foes. [Xom's mischief]
 14829 | D:13     | Gained mutation: You can translocate small distances at
                  | will. [Xom's mischief]
 14830 | D:13     | Lost mutation: Your body sometimes deteriorates upon taking
                  | damage. [potion of mutation]
 14830 | D:13     | Lost mutation: You are partially covered in rugged brown
                  | scales. (AC +1, +3% HP) [potion of mutation]
 14830 | D:13     | Lost mutation: You expend magic power (3 MP) to strengthen
                  | your wands. [potion of mutation]
 14830 | D:13     | Gained mutation: You possess an exceptional clarity of
                  | mind. [potion of mutation]
 14830 | D:13     | Gained mutation: You are agile. (Dex +2) [potion of
                  | mutation]
 14830 | D:13     | Gained mutation: Your spells are a little harder to cast,
                  | but a little more powerful. [potion of mutation]
 14850 | D:13     | Reached skill level 1 in Armour
 14924 | D:13     | XOM: stat loss: -1 Dex (17/18)
 15000 | D:13     | Noticed Kirke
 15002 | D:13     | Reached skill level 14 in Dodging
 15017 | D:13     | Killed Kirke
 15110 | D:13     | XOM: harmless Necr miscast
 15119 | D:13     | XOM: noise
 15131 | D:13     | XOM: smoke on damage
 15143 | D:13     | XOM: noise
 15147 | D:13     | XOM: mild Ice miscast
 15179 | D:13     | XOM: enchant monster (good)
 15186 | D:13     | Noticed a vault guard
 15199 | D:13     | XOM: potion effect (haste)
 15211 | D:13     | XOM: confuse monster(s)
 15212 | D:13     | XOM: summons 3 friendly demons
 15221 | D:13     | Killed a vault guard
 15245 | D:13     | XOM: swap monsters
 15248 | D:13     | XOM: confuse monster(s)
 15294 | D:13     | Found a gate to the Vaults.
 15299 | D:13     | XOM: cleaving
 15307 | D:13     | Reached skill level 10 in Spellcasting
 15315 | D:13     | Reached XP level 13. HP: 53/70 MP: 17/28
 15400 | D:13     | XOM: god gift: wand of acid (6) {god gift}
 15450 | D:13     | XOM: mild Air miscast
 15461 | D:13     | XOM: stat loss: -1 Str (11/12)
 15522 | D:13     | XOM: mild Pois miscast
 15555 | D:14     | XOM: noise
 15697 | D:14     | XOM: enchant monster (bad)
 15715 | D:13     | Reached skill level 15 in Dodging
 15784 | D:14     | XOM: blink monster(s)
 15845 | D:14     | XOM: divination: detect creatures
 15865 | D:14     | XOM: smoke on damage
 15868 | D:14     | XOM: polymorph centaur warrior -> glowing shapeshifter
 15954 | D:14     | Noticed Agnes
 15960 | D:14     | XOM: blink monster(s)
 15963 | D:14     | XOM: blink monster(s)
 15965 | D:14     | XOM: confuse monster(s)
 15986 | D:14     | XOM: summons friendly iron imp
 15987 | D:14     | Killed Agnes
 16156 | D:14     | XOM: cast spell 'Disjunction'
 16162 | D:14     | XOM: polymorph centaur -> jelly
 16178 | D:14     | XOM: fog
 16187 | D:14     | XOM: summons 5 friendly demons
 16209 | D:14     | Reached skill level 10 in Fighting
 16255 | D:14     | XOM: scenery: create altars
 16350 | D:14     | XOM: 2-stop teleportation journey
 16420 | D:14     | Found a glowing golden altar of the Shining One.
 16425 | D:14     | Noticed Rupert
 16429 | D:14     | Killed Rupert
 16449 | D:14     | XOM: polymorph centaur warrior -> faun
 16556 | D:14     | XOM: enchant monster (good)
 16631 | D:15     | Entered Level 15 of the Dungeon
 16664 | D:15     | XOM: summons friendly ufetubus
 16666 | D:15     | XOM: chaos upgrade
 16679 | D:15     | XOM: harmless Pois miscast
 16680 | D:15     | XOM: destruction
 16686 | D:15     | XOM: mild Chrm miscast
 16690 | D:15     | XOM: confuse monster(s)
 16712 | D:15     | XOM: polymorph five-headed hydra -> great orb of eyes
 16719 | D:15     | Reached skill level 5 in Armour
 16719 | D:15     | Reached skill level 16 in Dodging
 16761 | D:15     | XOM: divination: magic mapping
 16767 | D:15     | XOM: potion effect (heal wounds)
 16785 | D:15     | XOM: confuse monster(s)
 16801 | D:15     | XOM: enchant monster (good)
 16858 | D:15     | XOM: summons friendly crimson imp
 16944 | D:15     | XOM: noise
 16977 | D:15     | Found a staircase to the Depths.
 17205 | D:15     | XOM: harmless Erth miscast
 17223 | D:15     | XOM: divination: magic mapping
 17228 | D:15     | XOM: enchant monster (bad)
 17239 | D:15     | XOM: 1-stop teleportation journey
 17244 | D:15     | Reached XP level 14. HP: 72/77 MP: 30/30
 17369 | D:15     | XOM: divination: magic mapping
 17432 | D:15     | XOM: cleaving
 17439 | D:15     | XOM: summons friendly white imp
 17441 | D:15     | XOM: cast spell 'Alistair's Intoxication'
 17443 | D:15     | XOM: fake destruction
 17636 | D:15     | XOM is BORED!
 17636 | D:15     | XOM: draining
 17654 | D:15     | XOM: divination: detect creatures
 17681 | D:15     | XOM: 4-stop teleportation journey
 17710 | D:15     | XOM: summons friendly quasit
 17727 | D:15     | XOM: polymorph two-headed ogre -> shock serpent
 17796 | D:15     | XOM: god gift: lamp of fire {god gift}
 17809 | D:15     | XOM: confuse monster(s)
 17842 | D:15     | XOM: summons friendly chaos spawn
 17891 | D:15     | XOM: confuse monster(s)
 17913 | D:15     | XOM: cleaving
 17914 | D:15     | XOM: scenery: create altars
 18074 | D:15     | XOM: noise
 18077 | D:15     | XOM: chaos cloud
 18083 | D:15     | Reached skill level 17 in Dodging
 18370 | D:15     | XOM: summons 1 hostile demon
 18409 | D:15     | XOM: severe Necr miscast
 18477 | D:15     | XOM: swap monsters
 18488 | D:15     | XOM: mild Erth miscast
 18764 | D:14     | XOM: cloud trail
 18792 | D:12     | XOM: divination: magic mapping
 18839 | Orc:1    | Entered Level 1 of the Orcish Mines
 18868 | Orc:1    | Noticed Jorgrun
 18885 | Orc:1    | XOM: enchant monster (good)
 18893 | Orc:1    | Killed Jorgrun
 19032 | Orc:1    | XOM: divination: detect creatures
 19113 | D:11     | XOM: harmless Conj miscast
 19283 | Orc:1    | XOM: god gift: scale mail {god gift}
 19340 | Orc:2    | Entered Level 2 of the Orcish Mines
 19349 | Orc:2    | XOM: potion effect (invisibility)
 19459 | Orc:2    | Found a staircase to the Elven Halls.
 19472 | Orc:2    | Found Yreduov's Distillery.
 19472 | Orc:2    | Found Utyust's Distillery.
 19473 | Orc:2    | XOM: destruction
 19475 | Orc:2    | XOM: cleaving
 19477 | Orc:2    | XOM: repel stairs
 19498 | Orc:2    | XOM: noise
 19499 | Orc:2    | XOM: harmless Tloc miscast
 19531 | Orc:2    | XOM: cast spell 'Call Canine Familiar'
 19546 | Orc:2    | XOM: potion effect (heal wounds)
 19564 | Orc:2    | XOM: harmless Air miscast
 19575 | Orc:2    | XOM: harmless Tmut miscast
 19579 | Orc:2    | XOM: summons friendly quasit
 19588 | Orc:2    | XOM: scenery: create altars
 19602 | Orc:2    | XOM: confuse monster(s)
 19603 | Orc:2    | XOM: divination: detect items
 19790 | Orc:2    | XOM: potion effect (agility)
 19794 | Orc:2    | Found Lumaolesm's Antique Weapon Emporium.
 19794 | Orc:2    | Found Nixasouk's Food Shop.
 19794 | Orc:2    | XOM: swap monsters
 19870 | Orc:2    | XOM: summons 4 friendly demons
 19874 | Orc:2    | XOM: noise
 19887 | Orc:2    | XOM: polymorph two-headed ogre -> water nymph
 19897 | Orc:2    | XOM: destruction
 19918 | Orc:2    | XOM: give mutations
 19918 | Orc:2    | Gained mutation: You have an increased reservoir of magic.
                  | (+10% MP) [Xom's grace]
 19918 | Orc:2    | Gained mutation: You are partially covered in molten
                  | scales. (AC +2) [Xom's grace]
 19918 | Orc:2    | Gained mutation: Your mind is acute. (Int +2) [Xom's grace]
 19918 | Orc:2    | Gained mutation: You are mostly covered in molten scales.
                  | (AC +3) [Xom's grace]
 19944 | Orc:1    | Reached XP level 15. HP: 36/83 MP: 12/36
 20072 | Orc:1    | XOM: potion effect (haste)
 20078 | Orc:1    | XOM: torment (55/83 hp)
 20100 | Orc:1    | Noticed Josephine
 20115 | Orc:1    | XOM: harmless Necr miscast
 20117 | Orc:1    | XOM: harmless Conj miscast
 20140 | Orc:1    | Killed Josephine
 20180 | Orc:1    | XOM: mild Tmut miscast
 20314 | Orc:1    | XOM: harmless Necr miscast
 20343 | Orc:2    | XOM: give mutation
 20343 | Orc:2    | Gained mutation: You are partially covered in yellow
                  | scales. (AC +2) [Xom's grace]
 20360 | Orc:2    | XOM: potion effect (brilliance)
 20464 | Orc:2    | XOM: fog
 20469 | Orc:2    | Reached skill level 18 in Dodging
 20527 | Orc:2    | Bought a potion of magic for 104 gold pieces
 20527 | Orc:2    | Bought a potion of magic for 104 gold pieces
 20527 | Orc:2    | Bought a potion of curing for 39 gold pieces
 20527 | Orc:2    | Bought a potion of berserk rage for 65 gold pieces
 20527 | Orc:2    | Bought a potion of curing for 39 gold pieces
 20527 | Orc:2    | Bought a potion of curing for 39 gold pieces
 20527 | Orc:2    | Bought a potion of might for 52 gold pieces
 20679 | Orc:2    | XOM: scenery: create altars
 20781 | Lair:1   | Entered Level 1 of the Lair of Beasts
 20811 | Lair:1   | XOM: enchant monster (good)
 21105 | Lair:1   | XOM: fog
 21420 | Lair:1   | XOM: scenery: create altars
 21468 | Lair:1   | Found a runed translucent gate.
 21468 | Lair:1   | Found a runed translucent gate.
 21469 | Lair:1   | Found a runed translucent gate.
 21471 | Lair:1   | Noticed CrazyMind's ghost (journeyman TrBe)
 21486 | Lair:1   | Found a viscous altar of Jiyva.
 21674 | Lair:2   | XOM: 1-stop teleportation journey
 21714 | Lair:2   | XOM is BORED!
 21714 | Lair:2   | XOM: give mutations
 21714 | Lair:2   | Lost mutation: You are agile. (Dex +2) [Xom's mischief]
 21714 | Lair:2   | Lost mutation: You have very sharp teeth. [Xom's mischief]
 21714 | Lair:2   | Gained mutation: Armour fits poorly on your strangely
                  | shaped body. [Xom's mischief]
 21728 | Lair:2   | XOM: summons friendly quasit
 21876 | Lair:2   | XOM: summons friendly white imp
 21942 | Lair:2   | XOM: cleaving
 21947 | Lair:2   | XOM: summons friendly quasit
 22061 | Lair:2   | Learned a level 3 spell: Regeneration
 22064 | Lair:2   | Learned a level 2 spell: Song of Slaying
 22105 | Lair:2   | XOM: summons friendly ufetubus
 22206 | Lair:2   | XOM: god gift: potion of curing {god gift}
 22220 | Lair:2   | XOM: give mutations
 22220 | Lair:2   | Gained mutation: Your flesh is heat resistant. (rF+) [Xom's
                  | grace]
 22220 | Lair:2   | Gained mutation: You have sharp toenails. [Xom's grace]
 22220 | Lair:2   | Gained mutation: You are resistant to hostile enchantments.
                  | (MR+) [Xom's grace]
 22220 | Lair:2   | Gained mutation: Your mind is very acute. (Int +4) [Xom's
                  | grace]
 22243 | Lair:2   | Found a staircase to the Shoals.
 22313 | Lair:2   | XOM: polymorph catoblepas -> death yak
 22808 | Lair:3   | XOM: confuse monster(s)
 22811 | Lair:3   | XOM: polymorph soldier ant -> spriggan
 22830 | Lair:3   | XOM: 8-stop teleportation journey
 22989 | Lair:3   | Got a smoking quarterstaff
 23017 | Lair:3   | Identified the +11 quarterstaff "Spiderbane" {speed,
                  | *Corrode rPois Str+4 Int+3} (You found it on level 3 of the
                  | Lair of Beasts)
 23224 | Lair:3   | Noticed Gastronok
 23237 | Lair:3   | Killed Gastronok
 23252 | Lair:3   | XOM: mild Fire miscast
 23326 | Lair:3   | XOM: confuse monster(s)
 23330 | Lair:3   | XOM: mild Erth miscast
 23373 | Lair:3   | XOM: polymorph basilisk -> acid dragon
 23973 | Lair:4   | Found a hole to the Spider Nest.
 24036 | Lair:4   | Found the +27 Lear's hauberk
 24116 | Lair:4   | XOM: 1-stop teleportation journey
 24125 | Lair:4   | XOM: summons friendly crimson imp
 24173 | Lair:4   | XOM: confuse monster(s)
 24177 | Lair:4   | XOM: mild Air miscast
 24315 | Lair:4   | Noticed Snorg
 24321 | Lair:4   | Noticed Snorg
 24321 | Lair:4   | Snorg changed into Snorg the spriggan
 24324 | Lair:4   | Killed Snorg the spriggan
 24347 | Lair:4   | XOM: enchant monster (good)
 24350 | Lair:4   | XOM: enchant monster (good)
 24485 | Lair:4   | XOM: harmless Air miscast
 24563 | Lair:4   | XOM: destruction
 24566 | Lair:4   | XOM: summons 2 friendly demons
 24657 | Lair:4   | XOM: destruction
 24736 | Lair:4   | XOM: confuse monster(s)
 24750 | Lair:4   | XOM: summons 3 friendly demons
 24771 | Lair:4   | XOM: give mutations
 24771 | Lair:4   | Gained mutation: Your muscles are strong. (Str +2) [Xom's
                  | grace]
 24771 | Lair:4   | Gained mutation: Your system is resistant to poisons.
                  | (rPois) [Xom's grace]
 24871 | Lair:4   | XOM: divination: detect creatures
 24909 | Lair:4   | XOM: god gift: 14 stones {god gift}
 25067 | Lair:5   | XOM: harmless Erth miscast
 25069 | Lair:5   | XOM: noise
 25395 | Lair:5   | XOM: enchant monster (good)
 25414 | Lair:5   | Learned a level 4 spell: Cause Fear
 25424 | Lair:5   | XOM: scenery: create altars
 25456 | Lair:5   | Reached skill level 1 in Hexes
 25506 | Lair:5   | XOM: god gift: square emerald amulet {god gift}
 25598 | Lair:5   | XOM: god gift: scroll of teleportation {god gift}
 25633 | Lair:5   | XOM: potion effect (invisibility)
 25730 | Lair:5   | XOM: cloud trail
 25837 | Lair:5   | XOM: divination: magic mapping
 25868 | Lair:5   | Found a blossoming altar of Fedhas.
 25901 | Lair:5   | XOM: scenery: create altars
 25977 | Lair:6   | Entered Level 6 of the Lair of Beasts
 25982 | Lair:6   | XOM: swap monsters
 25987 | Lair:6   | XOM: stat loss: -1 Dex (15/16)
 26096 | Lair:6   | XOM: summons 2 hostile demons
 26145 | Lair:6   | Found a staircase to the Slime Pits.
 26332 | Lair:6   | Learned a level 3 spell: Tukima's Dance
 26334 | Lair:6   | Learned a level 1 spell: Apportation
 26338 | Lair:6   | Learned a level 3 spell: Dazzling Spray
 26359 | Lair:6   | XOM is BORED!
 26359 | Lair:6   | XOM: enchant monster (bad)
 26362 | Lair:6   | XOM: polymorph yak -> eye of draining
 26375 | Lair:6   | Reached skill level 5 in Hexes
 26375 | Lair:6   | Reached XP level 16. HP: 88/88 MP: 31/38
 26560 | Lair:6   | XOM: potion effect (berserk rage)
 26580 | Lair:6   | XOM: cast spell 'Olgreb's Toxic Radiance'
 26582 | Lair:6   | XOM: divination: detect creatures
 26586 | Lair:6   | XOM: harmless Erth miscast
 26590 | Lair:6   | XOM: harmless Pois miscast
 26597 | Lair:6   | XOM: enchant monster (good)
 26604 | Lair:5   | XOM: confuse monster(s)
 26651 | Lair:6   | XOM: noise
 26666 | Lair:6   | XOM: divine lightning
 26670 | Lair:6   | XOM: summons 2 friendly demons
 26691 | Lair:6   | XOM: confuse monster(s)
 26732 | Lair:6   | XOM: harmless Summ miscast
 26748 | Lair:6   | XOM: noise
 26778 | Lair:6   | XOM: potion effect (invisibility)
 26788 | Lair:6   | XOM: cast spell 'Call Canine Familiar'
 26848 | Lair:6   | Found a large runed translucent door.
 26850 | Lair:6   | Found a large runed translucent door.
 26854 | Lair:6   | XOM is BORED!
 26854 | Lair:6   | XOM: noise
 26867 | Lair:6   | XOM: scenery: create altars
 26940 | Lair:6   | XOM: summons friendly shadow imp
 27323 | Lair:6   | XOM: noise
 27350 | Lair:6   | XOM: noise
 27748 | D:4      | Bought +1 gold dragon scales for 957 gold pieces
 27816 | D:4      | Bought a transparent falchion for 240 gold pieces
 27817 | D:4      | Identified the +6 falchion "Vodeq" {pain, Fragile rElec rF+
                  | rC+} (You bought it in a shop on level 4 of the Dungeon)
 28049 | Elf:1    | Entered Level 1 of the Elven Halls
 28049 | Elf:1    | Found Elydeh's General Store.
 28055 | Elf:1    | Bought a +0 buckler of protection for 126 gold pieces
 28110 | Elf:1    | XOM: cast spell 'Necromutation'
 28429 | Elf:1    | XOM: noise
 28437 | Elf:1    | Reached skill level 1 in Shields
 28484 | Elf:1    | Found a magical portal.
 28489 | WizLab   | Entered Doroklohe's Tomb
 28790 | WizLab   | Noticed a greater mummy
 28894 | Elf:1    | XOM: give mutation
 28894 | Elf:1    | Lost mutation: Your mind is very acute. (Int +4) [Xom's
                  | mischief]
 29034 | Elf:1    | XOM: 3-stop teleportation journey
 29051 | Elf:1    | XOM: harmless Conj miscast
 29056 | Elf:1    | XOM: blink monster(s)
 29072 | Elf:1    | XOM: fog
 29074 | Elf:1    | XOM: noise
 29088 | Elf:1    | Found Guxtuhomyt's Distillery.
 29100 | Elf:1    | XOM: medium Tmut miscast
 29143 | Elf:1    | Bought a potion of curing for 45 gold pieces
 29143 | Elf:1    | Bought a potion of curing for 45 gold pieces
 29143 | Elf:1    | Bought a potion of heal wounds for 75 gold pieces
 29204 | Elf:1    | Found Zuocuck's Antique Armour Shoppe.
 29208 | Elf:1    | XOM: harmless Chrm miscast
 29366 | Elf:1    | XOM: enchant monster (bad)
 29377 | Elf:1    | XOM: medium Ice miscast
 29382 | Elf:1    | XOM: fog
 29401 | Elf:1    | XOM: 2-stop teleportation journey
 29413 | Elf:1    | XOM: severe Tmut miscast
 29413 | Elf:1    | Lost mutation: You have an increased reservoir of magic.
                  | (+10% MP) [the severe capriciousness of Xom]
 29413 | Elf:1    | XOM: smoke on damage
 29609 | Elf:1    | Noticed a Brimstone Fiend
 29618 | Elf:1    | XOM: noise
 29626 | Elf:1    | XOM: 2-stop teleportation journey
 29651 | Elf:1    | XOM: silly message
 29761 | Elf:1    | XOM: enchant monster (good)
 29791 | Elf:1    | XOM: smoke on damage
 29838 | Elf:1    | Noticed a deep elf master archer
 29851 | Elf:1    | Killed a deep elf master archer
 29856 | Elf:1    | Found Vahiotac's Food Shoppe.
 29878 | Elf:1    | XOM: summons friendly iron imp
 29887 | Elf:1    | Killed from afar by a deep elf mage

Skill      XL: |  1  2  3  4  5  6  7  8  9 10 11 12 13 14 15 16 |
---------------+-------------------------------------------------+-----
Dodging        | 4 6 7 8 10 11 12 13 14 16 17 18 | 18.9
Long Blades    | 4 5 6 7 |  7.9
Fighting       | 4 5 6 7 8 9 10 11 12 | 12.2
Stealth        | 1 5 8 10 | 10.6
Short Blades   | 1 3 5 7 |  7.5
Spellcasting   | 1 4 6 8 10 11 13 14 | 14.5
Armour         | 3 5 7 8 9 |  9.0
Hexes          | 5 9 |  9.4
Shields        | 3 |  3.1

Action                   |  1- 3 |  4- 6 |  7- 9 | 10-12 | 13-15 | 16-18 || total
-------------------------+-------+-------+-------+-------+-------+-------++-------
Melee: Falchion          |   115 |    23 |   184 |       |       |       ||   322
       Quarterstaff      |       |    14 |     8 |       |     8 |       ||    30
       Dagger            |       |       |   204 |   888 |  1871 |   601 ||  3564
       Short sword       |       |       |     3 |       |       |       ||     3
       Bite              |       |       |       |    53 |   164 |       ||   217
       Unarmed           |       |       |       |       |     3 |       ||     3
       Kick              |       |       |       |       |   220 |   191 ||   411
 Fire: Shortbow          |       |       |       |     5 |    30 |       ||    35
       Blowgun           |       |       |       |       |     4 |       ||     4
Throw: Tomahawk          |     4 |       |     2 |       |       |       ||     6
       Throwing net      |       |       |       |       |     1 |       ||     1
 Cast: Shroud of Golubri |       |       |       |       |     7 |     1 ||     8
       Song of Slaying   |       |       |       |       |     2 |     1 ||     3
       Regeneration      |       |       |       |       |     1 |       ||     1
Evoke: Wand              |       |       |     3 |    14 |    56 |     8 ||    81
       Lamp of fire      |       |       |       |       |     1 |     1 ||     2
  Use: Scroll            |     6 |     1 |     9 |     9 |    14 |     3 ||    42
       Potion            |     2 |       |       |     4 |     6 |     7 ||    19
 Stab: Sleeping          |     3 |     3 |     2 |    19 |    36 |     5 ||    68
       Paralysed         |     2 |       |       |     1 |     3 |     1 ||     7
       Distracted        |       |       |     1 |     4 |    12 |     1 ||    18
       Petrifying        |       |       |       |     1 |     1 |       ||     2
       Invisible         |       |       |       |     4 |    11 |    12 ||    27
       Confused          |       |       |       |     7 |    24 |     2 ||    33
       Petrified         |       |       |       |       |     4 |       ||     4
  Eat: Ration            |       |       |     3 |     6 |     6 |     3 ||    18
Armor: Robe              |    11 |       |    33 |    56 |       |       ||   100
       Troll leather arm |       |       |       |    12 |   147 |    16 ||   175
       Gold dragon scale |       |       |       |       |       |   107 ||   107
Dodge: Dodged            |   101 |    27 |   344 |   641 |  1583 |   253 ||  2949
Block: Buckler           |       |       |       |       |       |   103 ||   103
       Reflection        |       |       |       |       |       |     2 ||     2
       Rpst.: Falchion   |    30 |     6 |    74 |       |       |       ||   110
